 Dungeon Crawl Stone Soup version 0.28-a0-577-gb193047a1f (webtiles) character file.

Game seed: 7547487593786956868

2878 iamoutofideas the Severer (level 9, -4/72 HPs)
             Began as a Hill Orc Berserker on Oct 2, 2021.
             Was a Priest of Trog.
             Shot with an arrow by a centaur (11 damage)
             ... on level 6 of the Dungeon.
             The game lasted 00:07:21 (8137 turns).

iamoutofideas the Severer (Hill Orc Berserker)      Turns: 8137, Time: 00:07:22

Health: -4/72      AC:  6    Str: 29    XL:     9   Next: 76%
Magic:  9/9        EV: 11    Int:  7    God:    Trog [***...]
Gold:   429        SH:  0    Dex: 10    Spells: 8/8 levels left

rFire   . . .      SeeInvis .   v - +2 hand axe (venom)
rCold   . . .      Faith    .   (no shield)
rNeg    . . .      Spirit   .   o - +0 ring mail
rPois   .          Reflect  .   a - +0 helmet
rElec   .          Harm     .   (no cloak)
rCorr   +          Rampage  .   (no gloves)
Will    .....                   (no boots)
Stlth   ..........              (no amulet)
HPRegen 0.22/turn               l - +6 ring of strength
MPRegen 0.11/turn               f - ring of resist corrosion

@: no status effects
A: no striking features
a: Renounce Religion, Berserk, Trog's Hand


You were on level 6 of the Dungeon.
You worshipped Trog.
Trog was most pleased with you.
You visited 1 branch of the dungeon, and saw 6 of its levels.

You collected 429 gold pieces.

Inventory:

Hand Weapons
 q - a +0 war axe
 u - a +0 whip of electrocution
 v - a +2 hand axe of venom (weapon)
Missiles
 m - 6 throwing nets (quivered)
Armour
 a - a +0 helmet (worn)
 b - a +0 animal skin
 o - a +0 ring mail (worn)
 y - a +0 ring mail
Jewellery
 f - a ring of resist corrosion (right hand)
 l - a +6 ring of strength (left hand)
Scrolls
 e - 3 scrolls of teleportation
 h - a scroll of blinking {unknown}
 n - a scroll of magic mapping
 x - a scroll of amnesia
Potions
 c - 2 potions of curing {unknown}
 d - 2 potions of attraction {unknown}
 g - 3 potions of flight
 i - a potion of cancellation
 j - 2 potions of lignification {unknown}
 p - 2 potions of brilliance {unknown}
 r - a potion of invisibility {unknown}
 s - a potion of degeneration {unknown}


   Skills:
 * Level 4.6 Fighting
 + Level 16.4 Axes
 + Level 3.3 Armour
 + Level 2.0 Dodging


You had 8 spell levels left.
You didn't know any spells.
Your spell library was empty.

Dungeon Overview and Level Annotations

Branches:
Dungeon (6/15)
 Temple: D:4-7

Altars:
Elyvilon
Kikubaaqudgha
Uskayaw
Vehumet

Shops:
D:2 !

Annotations:
D:6 3 runed translucent doors, SirDiesAlot's ghost, novice MiDe


Message History

Trog accepts your kill.
Your Dodging skill increases to level 2!
No target in view!
No target in view!
HP restored.
A centaur comes into view.
The centaur wields a +0 shortbow.
The centaur shoots an arrow.
The arrow hits you!
A centaur is nearby!
A centaur is nearby!
A centaur is nearby!
A centaur is nearby!
The centaur shoots an arrow.
The arrow closely misses you.
The centaur shoots an arrow.
The arrow hits you!
An orc wizard comes into view. It is wielding a +0 dagger.
The orc wizard shouts!
The centaur shoots an arrow.
The arrow hits you!
The centaur shoots an arrow.
The arrow misses you.
An orc comes into view. It is wielding a +0 flail.
The orc wizard gestures wildly while chanting.
The orc wizard flickers and vanishes!
Deactivating autopickup; reactivate with Ctrl-A.
The centaur shoots an arrow.
The arrow hits you!
The orc shouts!
The centaur shoots an arrow.
The arrow hits you!
* * * LOW HITPOINT WARNING * * *
The centaur shoots an arrow.
The arrow hits you.
* * * LOW HITPOINT WARNING * * *
The centaur shoots an arrow.
The arrow misses you.
The centaur shoots an arrow.
The arrow hits you but does no damage.
You see here a +0 robe.
The centaur shoots an arrow.
The arrow barely misses you.
The centaur shoots an arrow.
The arrow hits you.
* * * LOW HITPOINT WARNING * * *
The centaur shoots an arrow.
The arrow closely misses you.
There is a stone staircase leading down here.
The centaur shoots an arrow.
The arrow hits you!
* * * LOW HITPOINT WARNING * * *
The centaur shoots an arrow.
The arrow hits you!
You die...

.....######### ####....#####...#
......o......###................
#.............................
o.{.####c###.............##.....
. #.........................
##.....[......†........###.
................)...(..#[.##.
#..##.......>............#.##.
.. ..........@....<........##. #
......................##.##.
###.........[..........##.###
#.....)........###.........
#.......#......)..........#
........#......#..###......
...#..#.#........## #....#. ##
##............# #......
###..........####..).#.


You could see a centaur.

Vanquished Creatures
  Pikel (D:4)
  A troll (D:6)
  Grinder (D:4)
  A water moccasin (D:4)
  A sky beast (D:6)
  A black bear (D:6)
  2 ice beasts
  A necrophage (D:4)
  2 ogres
  2 centaurs
  A phantom (D:5)
  4 lemures (D:3)
  A bullfrog (D:5)
  A wyvern zombie (D:3)
  A scorpion (D:4)
  A water moccasin skeleton (D:4)
  The ghost of AttackTheMoon the Skirmisher, a weakling PaMo of Ignis (D:3)
  4 wights (D:5)
  2 hounds
  A gnoll shaman (D:5)
  A bullfrog skeleton (D:6)
  5 iguanas
  An orc wizard (D:6)
  A hound zombie (D:3)
  A hound skeleton (D:4)
  11 gnolls
  8 adders
  A shadow imp (D:5)
  An ufetubus (D:5)
  2 adder skeletons (D:4)
  A dart slug (D:1)
  10 orcs
  9 ball pythons
  8 endoplasms
  16 giant cockroaches
  5 goblins
  9 hobgoblins
  4 kobolds
  3 quokkas
  8 bats
  A frilled lizard (D:1)
  4 rats
140 creatures vanquished.

Notes
Turn   | Place    | Note
-------+----------+-------------------------------------------
     0 | D:1      | iamoutofideas the Hill Orc Berserker began the quest for
                  | the Orb.
     0 | D:1      | Reached XP level 1. HP: 19/19 MP: 1/1
   231 | D:1      | Found a faded altar of an unknown god.
   286 | D:1      | Reached XP level 2. HP: 26/27 MP: 2/2
   579 | D:1      | Reached skill level 5 in Axes
   761 | D:1      | Reached XP level 3. HP: 24/33 MP: 3/3
  1486 | D:2      | Found Bepypor's Distillery.
  1639 | D:2      | Reached ** piety under Trog
  1730 | D:2      | Reached skill level 6 in Axes
  1941 | D:2      | Found a hide-covered altar of Uskayaw.
  2144 | D:2      | Reached XP level 4. HP: 40/40 MP: 4/4
  2669 | D:3      | Reached skill level 7 in Axes
  2673 | D:3      | Reached XP level 5. HP: 46/46 MP: 5/5
  3247 | D:3      | Reached skill level 8 in Axes
  3791 | D:3      | Found a runed translucent gate.
  3791 | D:3      | Found a runed translucent gate.
  3791 | D:3      | Found a runed translucent gate.
  3791 | D:3      | Noticed AttackTheMoon's ghost (weakling PaMo)
  3967 | D:3      | Killed AttackTheMoon's ghost
  3968 | D:3      | Reached XP level 6. HP: 52/52 MP: 6/6
  4112 | D:4      | Noticed Grinder
  4120 | D:4      | Killed Grinder
  4121 | D:4      | Reached skill level 10 in Axes
  4121 | D:4      | Reached XP level 7. HP: 58/58 MP: 7/7
  4181 | D:4      | Reached *** piety under Trog
  4376 | D:4      | Reached skill level 11 in Axes
  4747 | D:4      | Reached XP level 8. HP: 66/66 MP: 8/8
  4870 | D:4      | Reached skill level 12 in Axes
  5310 | D:4      | Noticed Pikel
  5728 | D:4      | Killed Pikel
  5729 | D:4      | Reached skill level 14 in Axes
  6347 | D:5      | Entered Level 5 of the Dungeon
  6377 | D:5      | Reached XP level 9. HP: 71/71 MP: 9/9
  6612 | D:5      | Found a white marble altar of Elyvilon.
  6772 | D:5      | Reached skill level 15 in Axes
  7257 | D:5      | Found an ancient bone altar of Kikubaaqudgha.
  7340 | D:5      | Found a radiant altar of Vehumet.
  7653 | D:6      | Reached skill level 16 in Axes
  7944 | D:6      | Noticed a troll
  7949 | D:6      | Killed a troll
  8008 | D:6      | Found a runed translucent gate.
  8009 | D:6      | Found a runed translucent gate.
  8010 | D:6      | Found a runed translucent gate.
  8010 | D:6      | Noticed SirDiesAlot's ghost (novice MiDe)
  8011 | D:6      | Noticed a kobold demonologist
  8137 | D:6      | Shot with an arrow by a centaur

Illustrated notes

Levels and vault maps discovered:
D:1:      dpeg_arrival_rooms_a, layout_basic, chequers_ecumenical_altar_island,
          amcnicky_mini_corridor_feature, st_stairs_13
D:2:      layout_loops_ring, basic_altar, serial_shops, nicolae_diamond_shop
D:3:      minmay_roachtagon, layout_loops_corners, ebering_ghost_rock_garden,
          hangedman_decor_slide_cut
D:4:      layout_layer_cave, minmay_misc_feat_tiny, chequers_decorated_corner,
          kennysheep_generic_room_6, uniq_grinder, uniq_pikel
D:5:      layout_basic, mainiacjoe_overflow_small_starburst,
          nicolae_overflow_hidden_temple, minmay_holes, corner_web_ring,
          nrook_loot_triangle, feat_on_display
D:6:      layout_rooms, gammafunk_ghost_nasty_kobolds

Skill      XL: |  1  2  3  4  5  6  7  8  9 |
---------------+----------------------------+-----
Axes           | 5 6 7 8 10 11 14 16 | 16.4
Fighting       | 4 |  4.6
Armour         | 3 |  3.3
Dodging        | 2 |  2.0

Action                   |  1- 3 |  4- 6 |  7- 9 || total
-------------------------+-------+-------+-------++-------
Melee: Hand axe          |   151 |   118 |   289 ||   558
Invok: Berserk           |       |     4 |    11 ||    15
  Use: Scroll            |       |       |     8 ||     8
 Stab: Sleeping          |       |     1 |       ||     1
Armor: Animal skin       |    46 |    16 |       ||    62
       Ring mail         |       |     5 |    66 ||    71
Dodge: Dodged            |   104 |    59 |   121 ||   284

Table legend: (Time is in decaauts)
 A = Elapsed time spent in this place.
 B = Non-inter-level travel time spent in this place.
 C = Inter-level travel time spent in this place.
 D = Time resting spent in this place.
 E = Time spent auto-exploring this place.
 F = Levels seen in this place.
 G = Mean time per level.
                   A        B        C        D        E       F      G
               +--------+--------+--------+--------+--------+-----+--------+
         Total |   8172 |   7879 |    293 |   1847 |   5067 |   6 | 1362.0 |
       Dungeon |   8172 |   7879 |    293 |   1847 |   5067 |   6 | 1362.0 |
               +--------+--------+--------+--------+--------+-----+--------+

Top non-repeatable levels by time:
     D:3: 1972 daAuts
     D:4: 1963 daAuts
     D:1: 1363 daAuts
     D:5: 1271 daAuts
     D:2: 1094 daAuts
     D:6: 507 daAuts
